 Dungeon Crawl Stone Soup version 0.31-a0-544-gceb718ecc6 (webtiles) character file.

Game seed: 6359876906131783660

77 Ofeo the Ruffian (level 4, -2/33 HPs)
             Began as a Demonspawn Shapeshifter on Aug 15, 2023.
             Slain by a gnoll
             ... wielding a +0 flail of protection
              (11 damage)
             ... on level 2 of the Dungeon.
             The game lasted 00:02:05 (2052 turns).

Ofeo the Ruffian (Demonspawn Shapeshifter)          Turns: 2052, Time: 00:02:05

Health: -2/33      AC:  2    Str: 18    XL:     4   Next: 13%
Magic:  4/4        EV: 12    Int:  9    God:
Gold:   63         SH:  0    Dex: 13    Spells: 3/3 levels left

rFire   . .          .
                       - Unarmed
rCold   . . .        (no shield)
rNeg    . . .        a - +0 animal skin
rPois   .            (helmet currently unavailable)
rElec   .            (cloak currently unavailable)
rCorr   .            (gloves currently unavailable)
SInv    .            (boots currently unavailable)
Will    .....        (no amulet)
Stlth   +            (no ring)
HPRegen 0.25/turn    (no ring)
MPRegen 0.09/turn

%: no passive effects
@: beast-form
A: beast (slay +2), weakness stinger 1
a: Begin Untransformation


You were on level 2 of the Dungeon.
You were a hulking beast.
You visited 1 branch of the dungeon, and saw 2 of its levels.

You collected 63 gold pieces.

Inventory:

Armour
 a - a +0 animal skin (worn)
Jewellery
 h - a ring of positive energy
 j - a ring of ice
Talismans
 c - a beast talisman (active)
 d - a flux talisman
Wands
 k - a wand of light (9)
Scrolls
 b - 5 scrolls of identify {unknown}
 e - a scroll of fear {unknown}
 g - a scroll of enchant armour {unknown}
 i - a scroll of amnesia {unknown}
Potions
 f - a potion of attraction


   Skills:
 + Level 2.0 Fighting
 + Level 2.5 Dodging
 + Level 3.2 Unarmed Combat
 + Level 3.1 Shapeshifting


You had 3 spell levels left.
You didn't know any spells.
Your spell library was empty.

Dungeon Overview and Level Annotations

Branches:
Dungeon (2/15)

Altars:


Innate Abilities, Weirdness & Mutations

You are a hulking beast.
Your limbs bulge with bestial killing power. (Slay +2)
You have a small tail.


Message History

There is an open door here.
There is an open door here.
There is an open door here.
A gnoll comes into view. It is wielding a +0 halberd.
A gnoll is nearby!
A gnoll comes into view.
It is wielding a +0 flail of protection.
The gnoll shouts!
A gnoll comes into view. It is wielding a +0 vampiric whip.
The gnoll shouts!
The gnoll barely misses you.
You barely miss the gnoll. The gnoll closely misses you.
You hit the gnoll.
The gnoll is moderately wounded.
The gnoll misses you.
You hit the gnoll.
The gnoll is severely wounded.
You punch the gnoll!
You kill the gnoll!
You have reached level 4!
You feel stronger.
Health restored: 33; MP restored: 4 You punch the gnoll!
You tail-slap the gnoll.
The gnoll is almost dead.
The gnoll hits you with a +0 flail of protection!
You take 10 damage, and have 23/33 hp.
MASSIVE DAMAGE!!
You barely miss the gnoll.
Your tail-slap misses the gnoll.
The gnoll is almost dead.
The gnoll hits you with a +0 flail of protection!
* * * LOW HITPOINT WARNING * * *
You take 14 damage, and have 9/33 hp.
MASSIVE DAMAGE!!
You are too injured to fight recklessly!
You are too injured to fight recklessly!
You are too injured to fight recklessly!
You are too injured to fight recklessly!
You are too injured to fight recklessly!
You are too injured to fight recklessly!
You are too injured to fight recklessly!
You hit the gnoll but do no damage.
The gnoll is almost dead.
The gnoll hits you with a +0 flail of protection!
You die...

......#.#
#.............#
......#.#
#.............#
......#.#
#.............#
#######.#
##.............#
........#
#.....#.....
#########
#.....#... ....#
#.....# .. ....#
##.....#
....#######.....h#
..#.#.....#.....g#
#)#.#.....#....##g
<.........#....#
..
####......######
... ..........#
.... ..........#
.#... ......#..##
.....# ###......#


You could see 2 gnolls.

Vanquished Creatures
  4 gnolls (D:2)
  A worm (D:2)
  2 dart slugs
  2 bats (D:1)
  3 endoplasms
  4 goblins
  2 hobgoblins (D:1)
  5 quokkas
  4 ball pythons (D:1)
  A frilled lizard (D:2)
  A kobold (D:1)
  2 rats (D:1)
31 creatures vanquished.

Notes
Turn   | Place    | Note
-------+----------+-------------------------------------------
     0 | D:1      | Ofeo the Demonspawn Shapeshifter began the quest for the
                  | Orb.
     0 | D:1      | Reached XP level 1. HP: 15/15 MP: 1/1
   279 | D:1      | Gained mutation: You have a small tail. [demonic ancestry]
   279 | D:1      | Reached XP level 2. HP: 18/21 MP: 2/2
  1386 | D:2      | Reached XP level 3. HP: 26/26 MP: 3/3
  2050 | D:2      | Reached XP level 4. HP: 33/33 MP: 4/4
  2052 | D:2      | Slain by a gnoll

Illustrated notes

Levels and vault maps discovered:
D:1:      beargit_arrival_greenhouse, layout_loops_ring, serial_forest,
          infiniplex_forest_clump_tiny, infiniplex_forest_clump_cross,
          infiniplex_forest_clump_small, infiniplex_forest_end_1,
          infiniplex_forest_end_2, infiniplex_forest_clump_curved,
          infiniplex_forest_clump_small, infiniplex_forest_lined_room_2,
          minivault_19, skrybe_limestone_x
D:2:      layout_basic, kennysheep_generic_room_5, uniq_robin

Skill      XL: |  1  2  3 |
---------------+----------+-----
Dodging        | 2 |  2.5
Unarmed Combat | 3 |  3.2
Shapeshifting  | 3 |  3.1
Fighting       | 2 |  2.0

Action                     |  1- 3 |  4- 6 || total
---------------------------+-------+-------++-------
  Melee: Unarmed           |    87 |     3 ||    90
         Tailslap          |     6 |     1 ||     7
         Punch             |     4 |       ||     4
    Use: Potion            |     2 |       ||     2
 Armour: Animal skin       |    12 |       ||    12
         Skin              |     4 |       ||     4
  Dodge: Dodged            |    43 |       ||    43

Table legend: (Time is in decaauts)
 A = Elapsed time spent in this place.
 B = Non-inter-level travel time spent in this place.
 C = Inter-level travel time spent in this place.
 D = Time resting spent in this place.
 E = Time spent auto-exploring this place.
 F = Levels seen in this place.
 G = Mean time per level.
                   A        B        C        D        E       F      G
               +--------+--------+--------+--------+--------+-----+--------+
         Total |   2048 |   2018 |     30 |    346 |   1424 |   2 | 1024.0 |
       Dungeon |   2048 |   2018 |     30 |    346 |   1424 |   2 | 1024.0 |
               +--------+--------+--------+--------+--------+-----+--------+

Top non-repeatable levels by time:
     D:1: 1235 daAuts
     D:2: 813 daAuts
